 Dungeon Crawl Stone Soup version 0.29-a0-284-gf9362112df (webtiles) character file.

Game seed: 4325485115276231016

362 spaghetti the Digger (level 6, -12/49 HPs)
             Began as a Deep Dwarf Earth Elementalist on Mar 22, 2022.
             Was an Elder of Zin.
             Mangled by a two-headed ogre
             ... wielding a +0 giant club
              (19 damage)
             ... on level 4 of the Dungeon.
             The game lasted 00:11:45 (3429 turns).

spaghetti the Digger (DDEE)                         Turns: 3429, Time: 00:11:45

Health: -12/49     AC:  3    Str: 12    XL:     6   Next: 39%
Magic:  12/18 (9)  EV: 12    Int: 17    God:    Zin [****..]
Gold:   101        SH:  0    Dex: 13    Spells: 3/9 levels left

rFire   + . .      SeeInvis .   m - staff of earth {!astaff}
rCold   . . .      Faith    .   (no shield)
rNeg    . . .      Spirit   .   l - +0 leather armour {rF+}
rPois   .          Reflect  .   (no helmet)
rElec   .          Harm     .   (no cloak)
rCorr   .          Rampage  .   (no gloves)
Will    .....                   (no boots)
Stlth   +++.......              (no amulet)
HPRegen 0.00/turn               j - ring of magical power
MPRegen 0.16/turn               (no ring)

@: no status effects
A: damage resistance, heal wounds, sense surroundings 1, no regeneration
a: Heal Wounds, Renounce Religion, Recite, Vitalisation, Imprison, Donate Gold


You were on level 4 of the Dungeon.
You worshipped Zin.
Zin was greatly pleased with you.
You visited 1 branch of the dungeon, and saw 6 of its levels.

You collected 239 gold pieces.
You spent 115 gold pieces at shops.
You donated 23 gold pieces to Zin.


Innate Abilities, Weirdness & Mutations

You are resistant to damage.
You can heal yourself by infusing magical energy.
You passively map a small area around you.
You do not regenerate.


   Skills:
 - Level 2.1 Dodging
 + Level 4.9 Stealth
 - Level 2.0 Spellcasting
 * Level 2.8 Conjurations
 + Level 1.1 Transmutations
 + Level 5.9 Earth Magic
 + Level 3.1 Invocations


You had 3 spell levels left.
You knew the following spells:

 Your Spells              Type           Power      Damage    Failure   Level
a - Sandblast             Erth           66%        2d15      1%          1
b - Passwall              Tmut/Erth      16%        N/A       9%          2
c - Stone Arrow           Conj/Erth      50%        3d10      12%         3

Your spell library contained the following spells:

 Spells                   Type           Power      Damage    Failure   Level
 Petrify                  Tmut/Erth      20%        N/A       50%         4

Inventory:

Hand Weapons
 h - a +1 antimagic whip {mace}
   (You took it off an orc on level 3 of the Dungeon)
 o - a +2 dagger of speed {short}
   (You bought it in a shop on level 2 of the Dungeon)
 x - a +3 flail {mace}
   (You took it off a gnoll on level 4 of the Dungeon)
Missiles
 d - 76 stones {throwing}
Armour
 b - a +0 robe
 l - a +0 leather armour of fire resistance (worn)
   (You found it on level 2 of the Dungeon)
Magical Staves
 f - a staff of conjuration {!a@e2staff}
   (You took it off a kobold on level 2 of the Dungeon)
 m - a staff of earth (weapon) {!astaff}
   (You acquired it on level 3 of the Dungeon)
Jewellery
 j - a ring of magical power (left hand)
   (You found it on level 1 of the Dungeon)
Wands
 p - a wand of iceblast (9)
   (You found it on level 3 of the Dungeon)
Scrolls
 a - a scroll of enchant weapon {unknown}
 e - 2 scrolls of immolation {!r!r}
 i - a scroll of vulnerability {!r!r}
 n - a scroll of torment {unknown}
 r - a scroll of fog {unknown}
 v - a scroll of identify {unknown}
 w - a scroll of teleportation {unknown}
Potions
 c - a potion of magic
 g - a potion of might
 k - a potion of curing {unknown}
 q - a potion of flight {unknown}
 s - a potion of lignification {unknown}
 t - a potion of degeneration {unknown}
 u - a potion of invisibility {unknown}

Dungeon Overview and Level Annotations

Branches:
Dungeon (6/15)
 Temple: D:4-7

Altars:
Zin

Shops:
D:2 *   D:3 :[[(

Annotations:
D:5 Pikel

#.## #.# , ,
#.########.#
,
#[#........#
#.#.########
, #.#.# *
#.#.# #.#.#
* #.#.####
#.#.[@.# *,
#.####O###*
#........$
######.###
.# * *.# * *
,.# , * * ##
* * * *


You could see a two-headed ogre.


Message History

You rip the net and break free!
The gnoll closely misses you.
Aiming: Sandblast (safe; 2% risk of failure)
Press: ? - help, Q - select action, (/) - cycle Shift-Dir - straight line, f - gnoll
Aim: a gnoll, wielding a +0 halberd (84% to hit)
You feel a surge of power!
The blast of sand hits the gnoll.
The gnoll hits you from afar with a +0 halberd.
* * * LOW HITPOINT WARNING * * *
😨 HP[-2] MP[-1]
You take 2 damage, and now have 24/49 hp.
You lost 1 mp, and now have 13/18 mp.
Aiming: Sandblast (safe; 2% risk of failure)
Press: ? - help, Q - select action, (/) - cycle Shift-Dir - straight line, f/p - gnoll
Aim: a gnoll, wielding a +0 halberd (moderately wounded, 84% to hit)
You feel a surge of power!
The blast of sand hits the gnoll.
The gnoll misses you. 😨 MP[-1]
You lost 1 mp, and now have 12/18 mp.
Aiming: Sandblast (safe; 2% risk of failure)
Press: ? - help, Q - select action, (/) - cycle Shift-Dir - straight line, f/p - gnoll
Aim: a gnoll, wielding a +0 halberd (severely wounded, 84% to hit)
You feel a surge of power!
The blast of sand hits the gnoll!
You kill the gnoll!
Aiming: Sandblast (safe; 2% risk of failure)
Press: ? - help, Q - select action, (/) - cycle Shift-Dir - straight line, f - you That would be overly suicidal.
Okay, then.
You start resting. 😨 MP[+6]
Your mp is fully restored (18).
x - a +3 flail {mace}
Things that are here:
a +0 halberd {polearm}; a gnoll corpse
There is a stone staircase leading up here.
You see here a +0 club {mace}.
An adder comes into view.
The adder hisses angrily.
An adder is nearby!
An adder is nearby!
An adder is nearby!
Aiming: Sandblast (safe; 2% risk of failure)
Press: ? - help, Q - select action, (/) - cycle Shift-Dir - straight line, f - adder
Aim: an adder (70% to hit)
You feel a surge of power!
The blast of sand hits the adder!
You kill the adder! 😨 MP[-1]
You lost 1 mp, and now have 17/18 mp.
Aiming: Sandblast (safe; 1% risk of failure)
Press: ? - help, Q - select action, (/) - cycle Shift-Dir - straight line, f - you That would be overly suicidal.
Okay, then.
Unknown command.
You see here a +0 leather armour.
The two-headed ogre shouts in stereo! 😨 MP[+1]
Your mp is fully restored (18).
A two-headed ogre is nearby!
Okay, then.
Casting: Sandblast (safe; 1% risk of failure)
Confirm with . or Enter, or press ? or * to list all spells.
Aiming: Stone Arrow (dangerous; 12% risk of failure)
Press: ? - help, Shift-Dir - straight line, f - two-headed ogre
Aim: a two-headed ogre, wielding two +0 giant clubs (86% to hit)
You feel a surge of power!
The stone arrow hits the two-headed ogre!
The two-headed ogre closely misses you.
The two-headed ogre hits you with a +0 giant club!
* * * LOW HITPOINT WARNING * * *
😱 HP[-13] MP[-3]
You take 13 damage, and now have 11/49 hp.
MASSIVE DAMAGE!! (PAUSE)
You lost 3 mp, and now have 15/18 mp.
You feel much better.
The two-headed ogre hits you with a +0 giant club!
The two-headed ogre hits you with a +0 giant club!!
* * * LOW HITPOINT WARNING * * *
😱 HP[-2]
You take 2 damage, and now have 9/49 hp.
You feel much better. 😮 HP[+22]
You regained 22 hp, and now have 31/49 hp.
Casting: Stone Arrow (dangerous; 12% risk of failure)
Confirm with . or Enter, or press ? or * to list all spells.
Aiming: Stone Arrow (dangerous; 12% risk of failure)
Press: ? - help, Shift-Dir - straight line, f/p - two-headed ogre
Aim: a two-headed ogre, wielding two +0 giant clubs (lightly wounded, 86% to hit)
You feel a surge of power!
The stone arrow hits the two-headed ogre!
The two-headed ogre hits you with a +0 giant club!!
* * * LOW HITPOINT WARNING * * *
The two-headed ogre hits you but does no damage. 😨 HP[-17] MP[-3]
You take 17 damage, and now have 14/49 hp.
MASSIVE DAMAGE!! (PAUSE)
You lost 3 mp, and now have 12/18 mp.
The two-headed ogre attacks as you move away!
The two-headed ogre hits you with a +0 giant club!
* * * LOW HITPOINT WARNING * * *
The two-headed ogre hits you with a +0 giant club!!
You die...

Skill      XL: |  1  2  3  4  5  6 |
---------------+-------------------+-----
Stealth        | 3 4 |  4.9
Spellcasting   | 2 |  2.0
Earth Magic    | 5 |  5.9
Invocations    | 1 2 3 |  3.1
Conjurations   | 1 2 |  2.8
Transmutations | 1 |  1.1
Dodging        | |  2.1

Action                   |  1- 3 |  4- 6 || total
-------------------------+-------+-------++-------
Melee: Unarmed           |    37 |       ||    37
       Punch             |     2 |       ||     2
       Short sword       |    11 |       ||    11
       Staff             |       |     5 ||     5
 Cast: Sandblast         |    55 |    73 ||   128
       Stone Arrow       |       |     2 ||     2
Invok: Recite            |       |     2 ||     2
 Abil: Heal Wounds       |     1 |     2 ||     3
  Use: Potion            |     1 |     3 ||     4
       Scroll            |     1 |     1 ||     2
Armor: Robe              |    13 |       ||    13
       Leather armour    |       |     9 ||     9
Dodge: Dodged            |    65 |    32 ||    97

Levels and vault maps discovered:
D:1:      dpeg_arrival_boxes_within_box, layout_loops_ring,
          hellmonk_ecumenical_altar_blasted, st_stairs_10, minivault_19
D:2:      layout_rooms, serial_shops, shop_fountains, minmay_pentomino_z2
D:3:      cheibrodos_pilgrimage, layout_loops_corners, serial_shops, shop,
          nicolae_shop_trees, shop, shop
D:4:      layout_loops_ring
D:5:      layout_gridville, gammafunk_ghost_necromancy, dk_vineyard_1,
          uniq_pikel
D:6:      wad_pebble_path, layout_layer_cave, minmay_temple_entry_glassed_door,
          corexii_leaking_fountain, uniq_sigmund

Notes
Turn   | Place    | Note
-------+----------+-------------------------------------------
     0 | D:1      | spaghetti the Deep Dwarf Earth Elementalist began the quest
                  | for the Orb.
     0 | D:1      | Reached XP level 1. HP: 15/15 MP: 3/3
     0 | D:1      | magus.rc [v1.9.6]
   281 | D:1      | Reached skill level 3 in Stealth
   281 | D:1      | Reached XP level 2. HP: 16/22 MP: 0/4
   401 | D:1      | Learned a level 2 spell: Passwall
   626 | D:1      | Found a faded altar of an unknown god.
   652 | D:1      | Reached XP level 3. HP: 23/28 MP: 0/5
   744 | D:1      | Prayed at the altar of an unknown god.
   744 | D:1      | Became a worshipper of Zin the Law-Giver
   744 | D:1      | Reached * piety under Zin
  1250 | D:2      | Reached ** piety under Zin
  1350 | D:2      | Reached skill level 2 in Spellcasting
  1354 | D:2      | Learned a level 3 spell: Stone Arrow
  1520 | D:2      | Reached skill level 5 in Earth Magic
  1585 | D:2      | Found Fuusk's Assorted Antiques.
  1596 | D:2      | Bought a glowing dagger for 115 gold pieces
  1638 | D:2      | Reached *** piety under Zin
  1668 | D:2      | Reached skill level 1 in Invocations
  1690 | D:2      | Reached XP level 4. HP: 27/36 MP: 7/7
  1840 | D:3      | Reached skill level 1 in Conjurations
  1841 | D:3      | Reached skill level 4 in Stealth
  2009 | D:3      | Found Sybirhiy's Weapon Shoppe.
  2345 | D:3      | Found Qammyvua's Antique Armour Shoppe.
  2401 | D:3      | Found Syukuus's Armour Shop.
  2475 | D:3      | Found Qikonwas's Book Shop.
  2609 | D:3      | Reached skill level 2 in Invocations
  2609 | D:3      | Reached XP level 5. HP: 30/42 MP: 8/8
  2620 | D:3      | HP: 2/42 [orc priest/divine providence (9)]
  2759 | D:3      | Identified a scroll of acquirement
  2759 | D:3      | Acquired a staff of earth
  2989 | D:4      | Reached **** piety under Zin
  3020 | D:4      | Reached skill level 2 in Conjurations
  3074 | D:4      | Reached XP level 6. HP: 33/49 MP: 9/9
  3162 | D:4      | Noticed a two-headed ogre
  3196 | D:5      | Entered Level 5 of the Dungeon
  3230 | D:5      | Noticed Pikel
  3235 | D:5      | Paralysed by Pikel for 3 turns
  3346 | D:4      | Reached skill level 1 in Transmutations
  3346 | D:4      | Reached skill level 3 in Invocations
  3425 | D:4      | HP: 11/49 [two-headed ogre/+0 giant club (13)]
  3429 | D:4      | Mangled by a two-headed ogre

Vanquished Creatures
  3 lemures
  A hound (D:4)
  2 jellies (D:4)
  2 orc priests (D:3)
  2 orc wizards (D:4)
  3 gnolls (D:4)
  5 adders
  A worm (D:2)
  A dart slug (D:3)
  10 orcs
  3 bats
  7 endoplasms
  2 giant cockroaches
  5 hobgoblins
  8 jackals (D:1)
  8 kobolds
  4 quokkas
  5 ball pythons
  2 frilled lizards (D:1)
  7 goblins
  4 rats
85 creatures vanquished.

Table legend:
 A = Non-vault XP
 B = Vault XP
 C = Vault XP percentage of total XP
 D = Non-vault monster count
 E = Vault monster count
 F = Vault count percentage of total count
                 A         B        C        D         E       F
            +---------+---------+-------+---------+---------+-------
      Total |     415 |     103 |  19.9 |      70 |      12 |  14.6
            +---------+---------+-------+---------+---------+-------
        D:1 |      39 |       6 |  13.3 |      22 |       4 |  15.4
        D:2 |      65 |       3 |   4.4 |      17 |       2 |  10.5
        D:3 |      54 |      94 |  63.5 |      20 |       6 |  23.1
        D:4 |     257 |       0 |   0.0 |      11 |       0 |   0.0
            +---------+---------+-------+---------+---------+-------

Illustrated notes

Table legend:
 A = Kills in this place as a percentage of kills in entire the game.
 B = Kills by you in this place as a percentage of kills by you in the entire game.
 C = Kills by friends in this place as a percentage of kills by friends in the entire game.
 D = Other kills in this place as a percentage of other kills in the entire game.
 E = Experience gained in this place as a percentage of experience gained in the entire game.
 F = Experience gained in this place divided by the number of levels of this place that you have seen.
                   A       B       C       D       E      F
               +-------+-------+-------+-------+-------+----------------------
         Total | 100.0 | 100.0 |   N/A |   N/A | 100.0 |  86.3
       Dungeon | 100.0 | 100.0 |   N/A |   N/A | 100.0 |  86.3
               +-------+-------+-------+-------+-------+----------------------

Table legend: (Time is in decaauts)
 A = Elapsed time spent in this place.
 B = Non-inter-level travel time spent in this place.
 C = Inter-level travel time spent in this place.
 D = Time resting spent in this place.
 E = Time spent auto-exploring this place.
 F = Levels seen in this place.
 G = Mean time per level.
                   A        B        C        D        E       F      G
               +--------+--------+--------+--------+--------+-----+--------+
         Total |   3428 |   3274 |    154 |    352 |   2348 |   6 |  571.3 |
       Dungeon |   3428 |   3274 |    154 |    352 |   2348 |   6 |  571.3 |
               +--------+--------+--------+--------+--------+-----+--------+

Top non-repeatable levels by time:
     D:3: 1173 daAuts
     D:1: 1167 daAuts
     D:2: 632 daAuts
     D:4: 380 daAuts
     D:5: 73 daAuts
     D:6: 1 daAuts
